 Seeded DCSS version 0.29.1 (webtiles) character file.

Game seed: 14428118820870677870 (custom seed)

207 GigaChad the Covered (level 5, -2/47 HPs)
             Began as a Minotaur Fighter on Sept 14, 2022.
             Slain by a gnoll
             ... wielding a +0 whip
              (5 damage)
             ... on level 2 of the Dungeon.
             The game lasted 00:04:26 (1873 turns).

GigaChad the Covered (Minotaur Fighter)             Turns: 1873, Time: 00:04:26

Health: -2/47      AC:  7    Str: 23    XL:     5   Next: 54%
Magic:  4/4        EV: 10    Int:  5    God:
Gold:   74         SH:  4    Dex:  9    Spells: 4/4 levels left

rFire   . . .      SeeInvis .   a - +0 long sword
rCold   . . .      Faith    .   c - +0 buckler
rNeg    . . .      Spirit   .   b - +0 scale mail
rPois   .          Reflect  .   (helmet restricted)
rElec   .          Harm     .   (no cloak)
rCorr   .          Rampage  .   (no gloves)
Will    .....                   (no boots)
Stlth   ..........              (no amulet)
HPRegen 0.15/turn               (no ring)
MPRegen 0.09/turn               (no ring)

@: no status effects
A: horns 2, retaliatory headbutt
a: no special abilities


You were on level 2 of the Dungeon.
You visited 1 branch of the dungeon, and saw 2 of its levels.

You collected 74 gold pieces.

Inventory:

Hand Weapons
 a - a +0 long sword (weapon)
 k - a +0 scythe
Armour
 b - a +0 scale mail (worn)
 c - a +0 buckler (worn)
Magical Staves
 g - a staff of conjuration
Scrolls
 h - a scroll of identify {unknown}
Potions
 d - 2 potions of might
 e - a potion of cancellation {unknown}
 f - a potion of mutation {unknown}
 i - a potion of flight {unknown}
 j - a potion of lignification {unknown}


   Skills:
 + Level 4.5 Fighting
 + Level 4.0 Long Blades
 + Level 5.2 Armour
 + Level 1.7 Dodging
 + Level 4.4 Shields


You had 4 spell levels left.
You didn't know any spells.
Your spell library contained the following spells:

 Spells                   Type           Power      Damage    Failure   Level
 Summon Forest            Summ/Tloc      0%         N/A       100%        5
 Eringya's Noxious Bog    Tmut/Pois      0%         N/A       100%        6
 Summon Hydra             Summ           0%         N/A       100%        7


Dungeon Overview and Level Annotations

Branches:
Dungeon (2/15)

Altars:


Innate Abilities, Weirdness & Mutations

You have a pair of horns on your head.
You reflexively headbutt those who attack you in melee.


Message History

The gnoll misses you. The gnoll hits you but does no damage.
The gnoll hits you with a +0 spear. You block the gnoll's attack.
You hit the gnoll.
The gnoll is moderately wounded.
The gnoll hits you with a +0 spear.
The gnoll hits you from afar with a +3 spear.
You barely miss the gnoll. Your headbutt misses the gnoll.
The gnoll is moderately wounded.
The gnoll misses you.
The gnoll hits you from afar with a +3 spear.
You hit the gnoll.
The gnoll is heavily wounded.
You block the gnoll's attack.
The gnoll hits you from afar with a +3 spear.
You hit the gnoll.
The gnoll is severely wounded.
You block the gnoll's attack. The gnoll hits you but does no damage.
The gnoll hits you with a +0 spear.
The gnoll hits you from afar with a +3 spear.
You barely miss the gnoll.
The gnoll is severely wounded.
The gnoll hits you with a +0 spear.
* * * LOW HITPOINT WARNING * * *
The gnoll hits you from afar with a +3 spear.
* * * LOW HITPOINT WARNING * * *
You hit the gnoll.
You kill the gnoll!
The gnoll completely misses you.
Your Long Blades skill increases to level 4!
You barely miss the gnoll. Your headbutt misses the gnoll.
The gnoll barely misses you. You block the gnoll's attack.
You closely miss the gnoll. The gnoll hits you with a +0 whip.
* * * LOW HITPOINT WARNING * * *
The gnoll closely misses you. The gnoll hits you with a +0 whip.
* * * LOW HITPOINT WARNING * * *
You block the gnoll's attack.
You hit the gnoll.
The gnoll is moderately wounded.
The gnoll hits you with a +0 whip.
You die...

####### ......# .####.#######
.# #.#.....###### .# .#
#............# [# .#
#......^.# #.# ##.## ##
#........###.# #..!#
#...#.....##.# #...####
#####.........##@# #.......
.......###....##g####g..#####
...............gg..ggg......#
......#####.............?...J
.....## ###.###..........[#
.....# ####.# #####........
###### #....# #...#####
#.#### #...# #.# #...#


You could see 3 gnolls.

Vanquished Creatures
  Sigmund (D:2)
  A gnoll (D:2)
  A worm (D:2)
  A dart slug (D:1)
  2 endoplasms
  A giant cockroach (D:1)
  2 goblins (D:1)
  4 hobgoblins
  4 quokkas
  4 ball pythons (D:1)
  9 bats
  4 frilled lizards
  5 kobolds
  6 rats
45 creatures vanquished.

Notes
Turn   | Place    | Note
-------+----------+-------------------------------------------
     0 | D:1      | GigaChad the Minotaur Fighter began the quest for the Orb.
     0 | D:1      | Reached XP level 1. HP: 19/19 MP: 0/0
   341 | D:1      | Found a faded altar of an unknown god.
   345 | D:1      | Reached XP level 2. HP: 21/27 MP: 1/1
   708 | D:1      | Reached skill level 4 in Armour
  1165 | D:1      | Reached XP level 3. HP: 33/33 MP: 2/2
  1510 | D:2      | Noticed Sigmund
  1543 | D:2      | Killed Sigmund
  1544 | D:2      | Reached skill level 5 in Armour
  1544 | D:2      | Reached skill level 1 in Dodging
  1544 | D:2      | Reached XP level 4. HP: 9/41 MP: 3/3
  1544 | D:2      | Reached XP level 5. HP: 11/47 MP: 4/4
  1873 | D:2      | Slain by a gnoll

Illustrated notes

Levels and vault maps discovered:
D:1:      dpeg_arrival_lava_temple_mockup, layout_loops_corners,
          ebering_ecumenical_altar_hall, minmay_stone_trees_medium,
          chequers_serial_rivers_room_b
D:2:      layout_loops_cross, basic_altar, dk_noncrumbling_4, minivault_4,
          uniq_sigmund

Skill      XL: |  1  2  3  4  5 |
---------------+----------------+-----
Fighting       | 4 |  4.5
Armour         | 4 5 |  5.2
Shields        | 4 |  4.4
Long Blades    | 3 4 |  4.0
Dodging        | 1 |  1.7

Action                   |  1- 3 |  4- 6 || total
-------------------------+-------+-------++-------
Melee: Long sword        |    93 |    20 ||   113
       Headbutt          |    10 |     3 ||    13
  Use: Scroll            |     1 |       ||     1
Armor: Scale mail        |    72 |     9 ||    81
Dodge: Dodged            |    80 |     8 ||    88
Block: Buckler           |    38 |     8 ||    46
